 Dungeon Crawl Stone Soup version 0.27-a0-1591-gc56fcc985a (webtiles) character file.

Game seed: 10086604592419464636

3032 funkygono the Thaumaturge (level 9, -2/46 HPs)
             Began as a Deep Elf Ice Elementalist on July 19, 2021.
             Was a Follower of Sif Muna.
             Slain by an ice beast (12 damage)
             ... on level 7 of the Dungeon.
             The game lasted 00:18:46 (8057 turns).

funkygono the Thaumaturge (DEIE)                    Turns: 8057, Time: 00:18:47

Health: -2/46      AC: 18    Str:  2    XL:     9   Next: 56%
Magic:  25/26      EV: 13    Int: 38    God:    Sif Muna [*.....]
Gold:   401        SH:  5    Dex: 15    Spells: 19/30 levels left

rFire    . . .     SeeInvis .   d - +2 dagger (speed)
rCold    . . .     Faith    .   (no shield)
rNeg     . . .     Spirit   .   a - +0 robe
rPois    .         Reflect  +   s - +0 helmet
rElec    .         Harm     +   o - scarf {harm}
rCorr    +         Rampage  .   p - +0 pair of gloves
Will     .....                  y - +2 pair of boots of the Green Jabberwock {Harm Str-3 Int+8}
Stlth    ++........             n - amulet of reflection
HPRegen  0.15/turn              e - ring of resist corrosion
MPRegen  0.20/turn              q - +6 ring of intelligence

@: ice-armoured
A: no striking features
a: Renounce Religion, Channel Magic


You were on level 7 of the Dungeon.
You worshipped Sif Muna.
Sif Muna was aware of your devotion.
You visited 2 branches of the dungeon, and saw 8 of its levels.

You collected 401 gold pieces.

Inventory:

Hand Weapons
 b - a +0 quarterstaff
 d - a +2 dagger of speed (weapon)
 v - a +1 whip of flaming
Armour
 a - a +0 robe (worn)
 c - a +0 leather armour
 o - a scarf of harm (worn)
 p - a +0 pair of gloves (worn)
 r - a +0 pair of boots
 s - a +0 helmet (worn)
 y - the +2 pair of boots of the Green Jabberwock (worn) {Harm Str-3 Int+8}
   (You found it on level 6 of the Dungeon)

   Str:       It affects your strength (-3).
   Int:       It affects your intelligence (+8).
   Harm:      It increases damage dealt and taken.
Jewellery
 e - a ring of resist corrosion (left hand)
 i - a +6 ring of strength
 m - an amulet of faith
 n - an amulet of reflection (around neck)
 q - a +6 ring of intelligence (right hand)
 w - an amulet of magic regeneration
Wands
 u - a wand of polymorph (8)
 A - a wand of paralysis (5)
Scrolls
 f - 5 scrolls of teleportation
 z - 2 scrolls of identify
 B - a scroll of blinking {unknown}
Potions
 g - a potion of might
 h - a potion of mutation
 j - a potion of cancellation
 k - a potion of resistance {unknown}
 l - 2 potions of heal wounds {unknown}
 t - a potion of curing {unknown}
 x - a potion of brilliance {unknown}


   Skills:
 + Level 0.8 Fighting
 + Level 1.6 Short Blades
 + Level 3.5 Dodging
 - Level 2.4 Stealth
 + Level 1.3 Shields
 * Level 11.2 Spellcasting
 * Level 4.6 Conjurations
 * Level 10.3 Ice Magic


You had 19 spell levels left.
You knew the following spells:

 Your Spells              Type           Power      Damage    Failure   Level
a - Freeze                Ice            100%       1d11      1%          1
b - Frozen Ramparts       Ice            100%       1d12      1%          3
c - Ozocubu's Armour      Ice            79%        N/A       1%          3
d - Hailstorm             Conj/Ice       67%        3d14      1%          4

Your spell library contained the following spells:

 Spells                   Type           Power      Damage    Failure   Level
 Dazzling Flash           Conj/Hex       78%        N/A       1%          3
 Tukima's Dance           Hex            21%        N/A       5%          3
 Fulminant Prism          Conj/Hex       19%        3d11      7%          4
 Iskenderun's Mystic Bla  Conj/Tloc      39%        2d9       7%          4
 Passage of Golubria      Tloc           N/A        N/A       19%         4
 Agony                    Necr           21%        N/A       45%         5
 Lee's Rapid Deconstruct  Erth           10%        3d9*      45%         5
 Silence                  Hex/Air        10%        N/A       45%         5
 Yara's Violent Unravell  Hex/Tmut       10%        3d6       45%         5


Dungeon Overview and Level Annotations

Branches:
Dungeon (7/15)             Temple (1/1) D:5

Altars:
Ashenzari
Cheibriados
Dithmenos
Elyvilon
Gozag
Hepliaklqana
Kikubaaqudgha
Makhleb
Nemelex Xobeh
Okawaru
Qazlal
Ru
Sif Muna
Trog
Uskayaw
Wu Jian
Xom
Yredelemnul
Zin
The Shining One

Shops:
D:7 [


Message History

You hit the ice beast.
The ice beast is almost dead.
The ice beast hits you but does no damage.
You closely miss the ice beast.
The ice beast is almost dead.
You closely miss the ice beast.
The ice beast is almost dead.
The ice beast hits you but does no damage.
You hit the ice beast.
The ice beast is almost dead.
The ice beast hits you but does no damage.
You completely miss the ice beast.
The ice beast is almost dead.
You barely miss the ice beast.
The ice beast is almost dead.
You block the ice beast's attack.
You hit the ice beast but do no damage.
The ice beast is almost dead.
You barely miss the ice beast.
The ice beast is almost dead.
The ice beast hits you but does no damage.
You completely miss the ice beast.
The ice beast is almost dead.
The ice beast hits you but does no damage.
You hit the ice beast.
The ice beast is almost dead.
You completely miss the ice beast.
The ice beast is almost dead.
The ice beast hits you but does no damage.
You closely miss the ice beast.
The ice beast is almost dead.
You hit the ice beast but do no damage.
The ice beast is almost dead.
The ice beast hits you but does no damage.
You hit the ice beast but do no damage.
The ice beast is almost dead.
The ice beast hits you.
* * * LOW HITPOINT WARNING * * *
The ice beast freezes you!
You die...

# # # #### #
##≈≈≈# # #≈≈.≈≈
# ≈§≈.≈≈#### #
...∩..≈Y.# #
≈≈.≈≈§#@# #
≈≈Y≈≈≈#.#######
#§.......#####
#.#####.......#
...
#.#.#.#.######
###>
###.#..........#
#.
#......##.####.#
#.
#.#.#.###.......
#.
#.#........#....


You could see an ice beast.

Vanquished Creatures
  Pikel (D:5)
  Prince Ribbit (D:5)
  A wraith (D:6)
  2 ice beasts (D:7)
  A black bear (D:6)
  An orc warrior (D:7)
  3 ogres
  3 necrophages
  A centaur (D:5)
  4 lemures (D:5)
  A bullfrog (D:7)
  A scorpion (D:4)
  A water moccasin zombie (D:5)
  A wyvern skeleton (D:7)
  2 water moccasin skeletons (D:5)
  2 bullfrog zombies
  A centaur zombie (D:7)
  3 jellies
  A bullfrog skeleton (D:7)
  A centaur skeleton (D:5)
  2 orc priests
  4 hounds
  7 iguanas
  5 orc wizards
  A hound zombie (D:5)
  A howler monkey zombie (D:7)
  4 adders
  An ufetubus (D:5)
  2 adder skeletons
  5 dart slugs
  14 orcs
  6 ball pythons
  3 bats (D:1)
  8 endoplasms
  6 giant cockroaches
  6 goblins
  6 hobgoblins
  9 jackals
  3 quokkas
  2 frilled lizards
  12 kobolds
  A quokka skeleton (D:4)
  5 rats
145 creatures vanquished.

Notes
Turn   | Place    | Note
-------+----------+-------------------------------------------
     0 | D:1      | funkygono the Deep Elf Ice Elementalist began the quest for
                  | the Orb.
     0 | D:1      | Reached XP level 1. HP: 10/10 MP: 6/6
   172 | D:1      | Reached XP level 2. HP: 15/15 MP: 2/8
   257 | D:1      | Reached skill level 5 in Ice Magic
  1011 | D:2      | Reached XP level 3. HP: 19/19 MP: 6/9
  1015 | D:2      | Learned a level 3 spell: Frozen Ramparts
  1019 | D:2      | Learned a level 3 spell: Ozocubu's Armour
  1375 | D:2      | Reached skill level 4 in Spellcasting
  1903 | D:3      | Reached XP level 4. HP: 24/24 MP: 8/12
  2138 | D:3      | Found a faded altar of an unknown god.
  2168 | D:3      | Noticed a necrophage
  2179 | D:3      | Killed a necrophage
  2180 | D:3      | Reached skill level 5 in Spellcasting
  2180 | D:3      | Reached XP level 5. HP: 21/28 MP: 0/14
  2253 | D:3      | Learned a level 4 spell: Hailstorm
  2313 | D:3      | Noticed an ogre
  2323 | D:3      | Killed an ogre
  3311 | D:4      | Reached skill level 6 in Spellcasting
  3311 | D:4      | Reached XP level 6. HP: 32/32 MP: 11/17
  3409 | D:4      | Reached skill level 1 in Conjurations
  4295 | D:5      | Entered Level 5 of the Dungeon
  4331 | D:5      | Reached XP level 7. HP: 10/36 MP: 0/19
  4335 | D:5      | Reached skill level 7 in Spellcasting
  4977 | D:5      | Found an ornate altar of the Wu Jian Council.
  4985 | D:5      | Noticed Pikel
  4998 | D:5      | Killed Pikel
  4999 | D:5      | Reached skill level 8 in Spellcasting
  4999 | D:5      | Reached XP level 8. HP: 27/42 MP: 10/22
  5283 | D:5      | Found a shimmering blue altar of Sif Muna.
  5286 | D:5      | Became a worshipper of Sif Muna the Loreminder
  5510 | D:5      | Reached skill level 9 in Spellcasting
  5587 | D:5      | Reached skill level 1 in Short Blades
  5709 | D:5      | Noticed Prince Ribbit
  5716 | D:5      | Killed Prince Ribbit
  5978 | D:5      | Found a staircase to the Ecumenical Temple.
  5987 | Temple   | Entered the Ecumenical Temple
  6174 | D:5      | Reached skill level 1 in Shields
  6432 | D:6      | Reached XP level 9. HP: 28/46 MP: 14/24
  6590 | D:6      | Reached skill level 10 in Spellcasting
  6592 | D:6      | Identified the +2 pair of boots of the Green Jabberwock
                  | {Harm Str-3 Int+8}
  7018 | D:7      | Reached * piety under Sif Muna
  7019 | D:7      | Reached skill level 10 in Ice Magic
  7449 | D:7      | Reached skill level 11 in Spellcasting
  7841 | D:7      | Found Ebrof's Antique Armour Shoppe.
  8057 | D:7      | Slain by an ice beast

Illustrated notes

Levels and vault maps discovered:
D:1:      tarquinn_simple_flora_water_b, layout_basic, minmay_tromino_i2
D:2:      layout_basic, mrwooster_statue_mirror, minmay_goblin_kobold_house
D:3:      layout_rooms, ebering_ecumenical_altar_hall
D:4:      layout_basic
D:5:      layout_cave_pools, lemuel_blue_sif_altar, old_standard_altar,
          minmay_temple_entry_junction, grunt_decor_resistance,
          hangedman_minor_gate_pass, uniq_prince_ribbit1, uniq_pikel
D:6:      layout_gridville, kennysheep_cluttered_room
D:7:      layout_loops_cross, minmay_misc_feat_nine_boxes,
          kennysheep_small_circle
Temple:   regret_index_temple_mists

Skill      XL: |  1  2  3  4  5  6  7  8  9 |
---------------+----------------------------+-----
Ice Magic      | 5 6 7 8 9 10 | 10.3
Spellcasting   | 4 5 6 8 9 11 | 11.2
Conjurations   | 1 3 4 |  4.6
Dodging        | 3 |  3.5
Short Blades   | 1 |  1.6
Shields        | 1 |  1.3
Fighting       | |  0.8
Stealth        | |  2.4

Action                   |  1- 3 |  4- 6 |  7- 9 || total
-------------------------+-------+-------+-------++-------
Melee: Unarmed           |     1 |       |       ||     1
       Dagger            |     1 |    15 |   247 ||   263
 Cast: Freeze            |    54 |    54 |    82 ||   190
       Frozen Ramparts   |     2 |    14 |    20 ||    36
       Ozocubu's Armour  |       |     8 |    12 ||    20
       Hailstorm         |       |     2 |    10 ||    12
  Use: Scroll            |     9 |     3 |     1 ||    13
       Potion            |       |     1 |       ||     1
 Stab: Sleeping          |       |       |     1 ||     1
Armor: Robe              |     5 |    15 |    90 ||   110
Dodge: Dodged            |    13 |    32 |   135 ||   180
Block: Other             |     3 |    14 |    44 ||    61
       Reflection        |       |     1 |     1 ||     2

Table legend: (Time is in decaauts)
 A = Elapsed time spent in this place.
 B = Non-inter-level travel time spent in this place.
 C = Inter-level travel time spent in this place.
 D = Time resting spent in this place.
 E = Time spent auto-exploring this place.
 F = Levels seen in this place.
 G = Mean time per level.
                   A        B        C        D        E       F      G
               +--------+--------+--------+--------+--------+-----+--------+
         Total |   8020 |   7805 |    215 |    929 |   5686 |   8 | 1002.5 |
       Dungeon |   7793 |   7603 |    190 |    929 |   5485 |   7 | 1113.3 |
        Temple |    226 |    201 |     25 |      0 |    200 |   1 |  226.0 |
               +--------+--------+--------+--------+--------+-----+--------+

Top non-repeatable levels by time:
     D:5: 1855 daAuts
     D:4: 1535 daAuts
     D:7: 983 daAuts
     D:1: 979 daAuts
     D:3: 922 daAuts
     D:2: 853 daAuts
     D:6: 665 daAuts
  Temple: 226 daAuts
